 Dungeon Crawl Stone Soup version 0.17-a0-1562-g9b2c768 (console) character file.

282 Monkaria the Spear-Bearer (level 6, -19/52 HPs)
             Began as a Minotaur Berserker on July 21, 2015.
             Was a Believer of Trog.
             Demolished by an ogre
             ... wielding a +0 giant club
              (30 damage)
             ... on level 4 of the Dungeon.
             The game lasted 00:03:11 (2785 turns).

Monkaria the Spear-Bearer (Minotaur Berserker)      Turns: 2785, Time: 00:03:11

Health: -19/52     AC:  2    Str: 22    XL:     6   Next: 6%
Magic:  5/5        EV: 12    Int:  4    God:    Trog [**....]
Gold:   262        SH:  0    Dex: 11    Spells: 0 memorised, 5 levels left

rFire  . . .     SeeInvis .     a - +0 spear
rCold  . . .     Clarity  .     b - +0 animal skin
rNeg   . . .     SustAt   .     (no shield)
rPois  .         Gourm    .     (helmet restricted)
rElec  .         Spirit   .     (no cloak)
rCorr  .         Warding  .     (no gloves)
rMut   .         Stasis   .     (no boots)
MR     .....                    l - amulet of rage
Stlth  ++........               p - ring of flight
                                m - ring of stealth

@: not resistant to hostile enchantments, unstealthy
A: retaliatory headbutt, horns 2
a: Burn Spellbooks, Berserk, Trog's Hand, Renounce Religion, Evoke Berserk Rage,
Evoke Flight


You were on level 4 of the Dungeon.
You worshipped Trog.
Trog was pleased with you.
You were not hungry.

You visited 1 branch of the dungeon, and saw 4 of its levels.

You collected 262 gold pieces.

Inventory:

Hand weapons
 a - a +0 spear (weapon)
Missiles
 t - 36 poisoned needles
 C - 5 tomahawks (quivered)
Armour
 b - a +0 animal skin (worn)
Jewellery
 l - an amulet of rage (around neck)
 m - a ring of stealth (left hand)
 o - an uncursed amulet of resist corrosion
 p - a ring of flight (right hand)
Scrolls
 f - a scroll of noise
 j - 2 scrolls of teleportation {unknown}
 n - 3 scrolls of remove curse
 r - a scroll of fear {unknown}
 u - 2 scrolls of amnesia {unknown}
 w - a scroll of blinking {unknown}
 y - a scroll of random uselessness {unknown}
 A - a scroll of magic mapping {unknown}
 F - a scroll of identify
Potions
 d - 2 potions of might
 e - 3 potions of curing
 i - a potion of brilliance
 q - 2 potions of ambrosia
 s - a potion of haste {unknown}
 v - a potion of invisibility {unknown}
 z - a potion of cancellation {unknown}
 B - a potion of agility {unknown}
 E - a potion of heal wounds {unknown}
Comestibles
 c - 3 bread rations
 g - 4 fruits
 h - 2 slices of pizza
 k - 2 beef jerkies
 x - 5 meat rations
 D - a chunk of flesh


   Skills:
 - Level 4.0 Fighting
 + Level 8.0 Polearms
 - Level 2.4 Armour
 - Level 2.1 Dodging


You had 5 spell levels left.
You didn't know any spells.

Dungeon Overview and Level Annotations

Branches:
Dungeon (4/15)
 Temple: D:4-7

Altars:
Ru


Innate Abilities, Weirdness & Mutations

You reflexively headbutt those who attack you in melee.
You have a pair of horns on your head.


Message History

You barely miss the ogre.
The ogre is lightly wounded.
You hit the ogre.
The ogre is moderately wounded.
The ogre hits you with a giant club!
You hit the ogre but do no damage. You headbutt the ogre.
The ogre is moderately wounded.
You hit the ogre. You headbutt the ogre.
The ogre is heavily wounded.
The ogre hits you with a giant club!
* * * LOW HITPOINT WARNING * * *
You are too injured to fight recklessly!
You are too injured to fight recklessly!
You hit the ogre. Your headbutt misses the ogre.
The ogre is severely wounded.
You hit the ogre.
The ogre is almost dead.
The ogre hits you with a giant club!!
Ouch! That really hurt!
You die...

+.. #..
.####+#..
........# +###
#####
..........#....#
#....
..........#....#
#....
......<..O....#
#[... #......@#
#.... #.......#
#.... +.......#
#.... .....#
#.......# #....
.....# #.......#
####.... ....#
####'######
##..##'## ....#
#........#
#......+. ....#
#........#
#......#. ....+
+........#
#......#.


You could see an ogre.

Vanquished Creatures
  2 ogres
  An orc wizard (D:4)
  4 adders
  An adder skeleton (D:4)
  2 giant geckos
  4 orcs (D:4)
  7 goblins
  8 hobgoblins
  4 jackals (D:2)
  A ball python (D:1)
  3 bats
  4 giant cockroaches
  4 giant newts
  7 kobolds
  4 rats (D:1)
56 creatures vanquished.

Notes
Turn   | Place    | Note
--------------------------------------------------------------
     0 | D:1      | Monkaria the Minotaur Berserker began the quest for the Orb.
     0 | D:1      | Reached XP level 1. HP: 19/19 MP: 0/0
    24 | D:1      | Reached skill level 4 in Fighting
   134 | D:1      | Reached XP level 2. HP: 21/27 MP: 1/1
   554 | D:1      | Acquired Trog's second power
   702 | D:2      | Reached XP level 3. HP: 25/33 MP: 2/2
   711 | D:2      | Reached skill level 5 in Polearms
  1282 | D:3      | Reached XP level 4. HP: 31/40 MP: 3/3
  1340 | D:3      | Noticed an ogre
  1346 | D:3      | Killed an ogre
  1346 | D:3      | Reached skill level 6 in Polearms
  1346 | D:3      | Reached XP level 5. HP: 34/46 MP: 4/4
  1934 | D:4      | Noticed an ogre
  1953 | D:4      | Killed an ogre
  1953 | D:4      | Reached skill level 7 in Polearms
  2338 | D:4      | Found a sacrificial altar of Ru.
  2430 | D:4      | Reached XP level 6. HP: 26/52 MP: 5/5
  2612 | D:4      | Reached skill level 8 in Polearms
  2775 | D:4      | Noticed an ogre
  2785 | D:4      | Demolished by an ogre

Vault maps used:
D:1:      lightli_arrival_statuegarden, minmay_misc_feat_x, dk_noncrumbling_3
D:2:      st_stairs_1
D:3:      hex_large
D:4:      minmay_temple_entry_nine_rooms, serial_shops, kennysheep_mini,
          minmay_misc_feat_encased, nicolae_ru_the_path_less_chosen

Action                   |  1- 3 |  4- 6 || total
-------------------------+-------+-------++-------
Melee: Spear             |   102 |    89 ||   191
  Use: Scroll            |     7 |       ||     7
 Stab: Sleeping          |     1 |     2 ||     3
  Eat: Chunk             |     1 |     5 ||     6
